Map: Lightshade LE

Players

ViBE - Winner!

  • Race: Zerg Zerg
  • League: Master

Papezinhoo

  • Race: Zerg Zerg
  • League: Diamond

VOD

Have the link to the VOD?

Description

Time

  • Played on: May 1, 2021, 8:14 p.m.
  • Length: 5:01
Show
View Real Time Build Order
Export as new Build Order

ViBE Zerg - Winner!

Build Orders: Hatch First, Zergling Baneling 

Get SALT Encoding   

  12  0:00  Drone  
  13  0:13  Overlord  
  13  0:17  Drone  
  14  0:32  Drone x2  
  16  0:49  Hatchery  
  15  0:52  Drone  
  15  0:56  Drone  
  17  1:07  Drone  
  18  1:14  Spawning Pool  
  18  1:15  Extractor  
  18  1:17  Drone  
  17  1:22  Drone  
  18  1:29  Drone  
  19  1:57  Overlord  
  19  2:02  Queen x2  
  19  2:04  Zergling x4  
  25  2:09  Drone  
  25  2:15  Drone x2  
  28  2:18  Metabolic Boost  
  28  2:23  Drone  
  29  2:30  Overlord  
  29  2:35  Drone x2  
  31  2:42  Baneling Nest  
  31  2:43  Drone  
  31  2:57  Hatchery  
  30  3:01  Drone  
  30  3:02  Drone  
  32  3:07  Overlord  
  32  3:12  Zergling x4  
  34  3:22  Zergling x2  
  34  3:23  Zergling x2  
  36  3:28  Drone x5  
  41  3:40  Drone x2  
  43  3:47  Drone x7  
  49  4:00  Spine Crawler  
  49  4:01  Spine Crawler  
  46  4:03  Spine Crawler  
  46  4:04  Zergling x2  
  46  4:05  Zergling x2  
  46  4:09  Baneling x7  
  47  4:10  Baneling  
  47  4:14  Zergling x4  
  47  4:15  Zergling x2  
  50  4:20  Zergling x2  
  50  4:21  Zergling x4  
  53  4:28  Roach Warren  
  51  4:32  Zergling x6  
  47  4:40  Zergling x12  
Show
View Real Time Build Order
Export as new Build Order

Papezinhoo Zerg 

Build Orders: Hatch First 

Get SALT Encoding   

  12  0:02  Drone  
  13  0:15  Overlord  
  13  0:25  Drone  
  14  0:34  Drone x2  
  16  0:53  Hatchery  
  15  0:58  Drone  
  15  1:02  Drone  
  17  1:04  Drone  
  18  1:16  Extractor  
  17  1:21  Spawning Pool  
  17  1:24  Drone  
  17  1:28  Drone  
  18  1:34  Drone  
  19  1:43  Drone  
  20  1:52  Overlord  
  20  2:06  Drone x2  
  20  2:08  Queen x2  
  24  2:14  Drone  
  27  2:16  Drone  
  28  2:27  Zergling x2  
  28  2:28  Zergling x2  
  30  2:36  Drone  
  31  2:38  Drone  
  32  2:51  Roach Warren  
  33  2:56  Drone x2  
  35  2:59  Drone  
  35  3:01  Overlord  
  36  3:10  Overlord x2  
  34  3:31  Roach x6  
  46  3:35  Roach  
  50  3:41  Roach  
  50  3:47  Roach x2  
  54  3:54  Roach x2  
  58  3:58  Roach  
  60  4:09  Overlord x4  
  60  4:19  Overlord  
  60  4:21  Overlord  
  60  4:24  Hatchery  
  59  4:31  Roach x2  
  59  4:32  Roach  
  59  4:36  Roach x2  
Tags
 
Add a new tag
Caveats
  • Supply blocks, unpowered buildings, or Contaminate may cause inaccurate times.
  • Supply counts are checked every 10 seconds.